 Dungeon Crawl Stone Soup version 0.21.3 (webtiles) character file.

771 P0WERM0DE the Grave Robber (level 7, -4/41 HPs)
             Began as an Octopode Necromancer on Apr 2, 2020.
             Slain by Duvessa
             ... wielding a +2 rapier of electrocution
              (16 damage)
             ... on level 5 of the Dungeon.
             The game lasted 00:11:42 (1980 turns).

P0WERM0DE the Grave Robber (Octopode Necromancer)   Turns: 1980, Time: 00:11:42

Health: -4/41      AC:  1    Str:  7    XL:     7   Next: 83%
Magic:  3/13       EV: 13    Int: 20    God:
Gold:   134        SH:  0    Dex: 12    Spells: 4/14 levels left

rFire    . . .     SeeInvis .   l - +0 whip (distort)
rCold    + . .     Gourm    .   (no shield)
rNeg     . . .     Faith    .   (helmet restricted)
rPois    .         Spirit   .   F - amulet of regeneration
rElec    .         Reflect  .   g - ring of protection from cold
rCorr    .         Harm     .   (no ring)
MR       .....                  (no ring)
Stlth    ++++......             (no ring)
HPRegen  1.53/turn              (no ring)
MPRegen  0.13/turn              (no ring)
                                (no ring)
                                (no ring)

@: regenerating
A: almost no armour, stealthy swim, amphibious, 8 rings, constrict 8, camouflage
1, gelatinous body 1
a: no special abilities


You were on level 5 of the Dungeon.
You were not hungry.

You visited 1 branch of the dungeon, and saw 5 of its levels.

You collected 134 gold pieces.

Inventory:

Hand Weapons
 c - a +0 dagger
 i - a cursed -2 dagger
 l - a +0 whip of distortion (weapon)
 r - a +0 hunting sling
 C - a +2 vampiric short sword
Missiles
 e - 40 stones (quivered)
 s - 23 sling bullets
 t - 52 arrows
 v - a throwing net
Jewellery
 g - a ring of protection from cold (left tentacle)
 F - an amulet of regeneration (around mantle)
Wands
 y - a wand of random effects (10)
Scrolls
 h - a scroll of fear {unknown}
 j - a scroll of enchant armour
 q - a scroll of remove curse
 u - 2 scrolls of blinking {unknown}
 w - 2 scrolls of immolation {unknown}
 x - a scroll of enchant weapon {unknown}
 B - 2 scrolls of identify {unknown}
 D - a scroll of noise {unknown}
Potions
 d - a potion of heal wounds
 f - a potion of cancellation {unknown}
 k - a potion of degeneration {unknown}
 m - a potion of lignification {unknown}
 n - a potion of mutation {unknown}
 o - 2 potions of might {unknown}
 p - a potion of brilliance {unknown}
 A - a potion of resistance {unknown}
 E - a potion of agility {unknown}
Books
 a - a book of Necromancy

   Spells                             Type                      Level
   a - Pain                           Necromancy                   1
   b - Animate Skeleton               Necromancy                   1
   c - Vampiric Draining              Necromancy                   3
   d - Regeneration                   Charms/Necromancy            3
   e - Animate Dead                   Necromancy                   4
   f - Borgnjor's Vile Clutch         Necromancy/Earth             5
Comestibles
 b - 5 rations
 z - 4 chunks of flesh


   Skills:
 - Level 2.2 Dodging
 - Level 5.0 Stealth
 * Level 4.1 Spellcasting
 * Level 7.5 Necromancy
 * Level 1.8 Earth Magic


You had 4 spell levels left.
You knew the following spells:

 Your Spells              Type           Power        Failure   Level  Hunger
d - Regeneration          Chrm/Necr      ###.......   9%          3    ###....
q - Pain                  Necr           ####         1%          1    None
x - Animate Skeleton      Necr           N/A          1%          1    None
y - Borgnjor's Vile Clut  Necr/Erth      ###.......   45%         5    ######.


Dungeon Overview and Level Annotations

Branches:
Dungeon (5/15)
 Temple: D:4-7

Altars:

Annotations:
D:5 Duvessa


Innate Abilities, Weirdness & Mutations

You cannot wear most types of armour.
You are very stealthy in the water. (Stealth+)
You are amphibious.
You can wear up to eight rings at the same time.
You can use your tentacles to constrict eight enemies at once.
Your skin changes colour to match your surroundings (Stealth+).
Your rubbery body absorbs attacks. (AC +1, EV +1)


Message History

Your Spellcasting skill increases to level 4!
Duvessa struggles to escape constriction.
Dowan hits your orc skeleton with a dagger.
Casting: Borgnjor's Vile Clutch
Confirm with . or Enter, or press ? or * to list all spells.
Your skin crawls.
The zombie hands constrict Duvessa!
The zombie hands constrict Dowan.
Duvessa escapes!
Dowan struggles to escape constriction.
Your orc skeleton hits Dowan with a flail.
Duvessa misses you.
You barely miss Duvessa. You grab Duvessa. You squeeze Duvessa.
Duvessa is severely wounded.
You constrict Duvessa, but do no damage.
The zombie hands constrict Dowan.
You kill Dowan!
Duvessa weeps, then rights herself and shakes her weapon.
Duvessa goes berserk!
Duvessa hits you with a rapier of electrocution!
You are electrocuted!
You die...

.... ... r. #e## #.(# #(##
# #((# ##..#####r##
#..$..@e.Z.# #.
###.#####..# .
###+#####..#.#
#............#
#.........#..#
#...Z.....#..#
##########...........>..
♣#.♣..♣#.##........#.#####
≈≈.≈≈Z≈≈...........#.#


You could see Duvessa (berserk), a quokka and a friendly orc skeleton.

Vanquished Creatures
  An ogre (D:4)
  A necrophage (D:4)
  A centaur (D:5)
  The ghost of P0WERM0DE the Grave Robber, an amateur OpNe of Cheibriados (D:4)
  A scorpion (D:4)
  Dowan (D:5)
  A hound (D:4)
  2 orc wizards (D:4)
  A bullfrog skeleton (D:5)
  2 worker ants (D:4)
  A gnoll (D:2)
  5 adders
  3 dart slugs
  2 leopard geckos (D:2)
  5 orcs
  A ball python (D:3)
  4 giant cockroaches
  5 goblins
  2 hobgoblins (D:1)
  6 jackals
  12 kobolds
  4 quokkas
  11 bats
  8 frilled lizards
  6 rats
87 creatures vanquished.

Vanquished Creatures (collateral kills)
  A bullfrog skeleton (D:4)
  An orc (D:4)
2 creatures vanquished.

Vanquished Creatures (others)
  A phantom (D:4)
  A leopard gecko (D:4)
  An orc (D:3)
  A giant cockroach (D:4)
  A hobgoblin (D:3)
5 creatures vanquished.

Grand Total: 94 creatures vanquished

Notes
Turn   | Place    | Note
-------+----------+-------------------------------------------
     0 | D:1      | P0WERM0DE the Octopode Necromancer began the quest for the Orb.
     0 | D:1      | Reached XP level 1. HP: 11/11 MP: 3/3
     2 | D:1      | Learned a level 1 spell: Animate Skeleton
    69 | D:1      | Reached skill level 3 in Stealth
    69 | D:1      | Reached XP level 2. HP: 17/17 MP: 5/5
   221 | D:2      | HP: 1/17 [bat (1)]
   228 | D:2      | Reached XP level 3. HP: 16/21 MP: 1/6
   559 | D:2      | Reached skill level 4 in Stealth
   559 | D:2      | Reached XP level 4. HP: 9/27 MP: 7/7
   564 | D:2      | Learned a level 3 spell: Regeneration
   644 | D:1      | Reached skill level 5 in Necromancy
  1131 | D:3      | the orc is devoured by a tear in reality.
  1183 | D:4      | Noticed a phantom
  1202 | D:4      | the phantom is devoured by a tear in reality.
  1202 | D:4      | Banished a phantom
  1202 | D:4      | Reached skill level 5 in Stealth
  1202 | D:4      | Reached XP level 5. HP: 17/31 MP: 2/8
  1204 | D:4      | Noticed P0WERM0DE's ghost (amateur OpNe)
  1227 | D:4      | Killed P0WERM0DE's ghost
  1227 | D:4      | Reached skill level 6 in Necromancy
  1227 | D:4      | Reached XP level 6. HP: 33/36 MP: 2/9
  1248 | D:4      | Noticed a necrophage
  1305 | D:4      | Reached skill level 3 in Spellcasting
  1348 | D:4      | Reached skill level 7 in Necromancy
  1348 | D:4      | Reached XP level 7. HP: 31/41 MP: 2/11
  1473 | D:4      | the leopard gecko is devoured by a tear in reality.
  1524 | D:4      | Learned a level 5 spell: Borgnjor's Vile Clutch
  1555 | D:3      | the hobgoblin is devoured by a tear in reality.
  1772 | D:5      | Entered Level 5 of the Dungeon
  1788 | D:4      | the giant cockroach is devoured by a tear in reality.
  1844 | D:4      | Reached skill level 1 in Earth Magic
  1968 | D:5      | Noticed Dowan
  1969 | D:5      | Noticed Duvessa
  1974 | D:5      | HP: 2/41 [centaur/arrow (17)]
  1978 | D:5      | Reached skill level 4 in Spellcasting
  1980 | D:5      | Killed Dowan
  1980 | D:5      | Slain by Duvessa

Skill      XL: |  1  2  3  4  5  6  7 |
---------------+----------------------+-----
Stealth        | 3 4 5 |  5.0
Necromancy     | 5 6 7 |  7.5
Spellcasting   | 3 4 |  4.1
Earth Magic    | 1 |  1.8
Dodging        | |  2.2

Action                   |  1- 3 |  4- 6 |  7- 9 || total
-------------------------+-------+-------+-------++-------
Melee: Dagger            |    43 |       |       ||    43
       Constrict         |    11 |    18 |    14 ||    43
       Tentacles         |     5 |    13 |     7 ||    25
       Whip              |    12 |    82 |    41 ||   135
Throw: Stone             |       |     1 |       ||     1
 Cast: Pain              |    14 |    10 |     9 ||    33
       Animate Skeleton  |     1 |     6 |     2 ||     9
       Regeneration      |       |    13 |     9 ||    22
       Borgnjor's Vile C |       |       |     1 ||     1
Evoke: Wand              |       |     5 |       ||     5
  Use: Potion            |     1 |     1 |     2 ||     4
       Scroll            |       |       |     2 ||     2
 Stab: Sleeping          |    16 |     6 |     9 ||    31
  Eat: Chunk             |       |     2 |     2 ||     4
       Ration            |       |     1 |       ||     1
Armor: Skin              |     6 |     4 |     2 ||    12
Dodge: Dodged            |    34 |    52 |    25 ||   111
